 Dungeon Crawl Stone Soup version 0.32-a0-705-g60f233581c (webtiles) character file.

Game seed: 4470720632389587800

19569 Griffin23 the Carver (level 12, -2/95 HPs)
             Began as a Minotaur Fighter on Mar 14, 2024.
             Was a High Priest of Hepliaklqana.
             Slain by a komodo dragon (12 damage)
             ... on level 1 of the Lair of Beasts.
             The game lasted 00:41:04 (13957 turns).

Griffin23 the Carver (Minotaur Fighter)            Turns: 13957, Time: 00:41:05

Health: -2/95      AC: 20    Str: 23    XL:     12   Next: 37%
Magic:  23/23      EV: 12    Int:  7    God:    Hepliaklqana [*****.]
Gold:   767        SH: 19    Dex: 19    Spells: 11/11 levels left

rFire   . . .        f - +9 scimitar "Dis Corr" {flame, *Rage rPois Int+2 Stlth+}
rCold   . . .        i - +0 tower shield
rNeg    . . .        j - +0 shadow dragon scales of the Lute {Will+ MP+9 Dex+6 Stlth++++}
rPois   +            J - +1 hat {SInv}
rElec   .            (no cloak)
rCorr   .            m - +0 pair of gloves
SInv    +            s - +0 pair of boots
Will    ++...        (no amulet)
Stlth   ++++         q - +5 ring of evasion
HPRegen 0.35/turn    (no ring)
MPRegen 0.18/turn

%: random rage (20%)
@: mighty, enlightened, flying, studying Invocations
A: reduced essence, horns 2, retaliatory headbutt
a: Renounce Religion, Recall Ancestor, Ancestor Identity, Transference, Idealise


You were on level 1 of the Lair of Beasts.
You worshipped Hepliaklqana.
Hepliaklqana was extremely pleased with you.
You visited 3 branches of the dungeon, and saw 15 of its levels.

You collected 767 gold pieces.

Inventory:

Hand Weapons
 a - a +0 long sword
 f - the +9 scimitar "Dis Corr" (weapon) {flame, *Rage rPois Int+2 Stlth+}
   (You acquired it on level 4 of the Dungeon)

   Int+2:     It affects your intelligence (+2).
   rPois:     It protects you from poison.
   *Rage:     It berserks you when you make melee attacks (+20% chance).
   Stlth+:    It makes you more stealthy.
Armour
 b - a +0 scale mail
 c - a +0 buckler
 i - a +0 tower shield (worn)
 j - the +0 shadow dragon scales of the Lute (worn) {Will+ MP+9 Dex+6 Stlth++++}
   (You acquired it on level 4 of the Dungeon)

   Dex+6:     It affects your dexterity (+6).
   Will+:     It increases your willpower.
   MP+9:      It affects your magic capacity (+9).
   Stlth++++: It makes you much more stealthy.
 m - a +0 pair of gloves (worn)
 n - a +0 chain mail
 s - a +0 pair of boots (worn)
 J - a +1 hat of see invisible (worn)
Jewellery
 q - a +5 ring of evasion (left hand)
 y - an amulet of faith
Wands
 z - a wand of warping (13)
 A - a wand of charming (10)
 F - a wand of flame (14)
 H - a wand of polymorph (4)
Scrolls
 k - 2 scrolls of vulnerability
 l - a scroll of enchant weapon
 o - 2 scrolls of poison
 p - 2 scrolls of summoning
 r - 6 scrolls of revelation
 t - 2 scrolls of teleportation
 u - a scroll of amnesia {unknown}
 w - 2 scrolls of noise {unknown}
 x - 2 scrolls of brand weapon {unknown}
 B - a scroll of identify
 D - 2 scrolls of fear {unknown}
 E - 2 scrolls of immolation {unknown}
Potions
 d - a potion of might
 e - 4 potions of degeneration
 g - 3 potions of attraction
 h - 2 potions of haste
 v - 2 potions of cancellation
 C - a potion of enlightenment


   Skills:
 * Level 10.2 Fighting
 * Level 14.5 Long Blades
 * Level 11.6 Armour
 + Level 2.6 Dodging
 * Level 12.8 Shields
 * Level 5.0 Invocations


You had 11 spell levels left.
You didn't know any spells.
Your spell library contained the following spells:

 Spells                   Type           Power      Damage    Failure   Level
 Shock                    Conj/Air       0%         1d3       100%        1
 Ensorcelled Hibernation  Hex/Ice        0%         N/A       100%        2
 Sublimation of Blood     Necr           0%         N/A       100%        2
 Fugue of the Fallen      Necr           0%         N/A       100%        3
 Passwall                 Erth           0%         N/A       100%        3
 Swiftness                Air            0%         N/A       100%        3
 Airstrike                Air            0%         2d(0-16)  100%        4
 Anguish                  Hex/Necr       0%         N/A       100%        4
 Cause Fear               Hex            0%         N/A       100%        4
 Petrify                  Alch/Erth      0%         N/A       100%        4
 Fireball                 Conj/Fire      0%         3d3       100%        5
 Irradiate                Conj/Alch      0%         3d11      100%        5
 Dragon's Call            Summ           0%         N/A       100%        9


Dungeon Overview and Level Annotations

Branches:
Dungeon (13/15)            Temple (1/1) D:4            Lair (1/5) D:10
    Orc (0/2) D:11
 Vaults: D:13-14

Altars:
Ashenzari
Cheibriados
Dithmenos
Elyvilon
Fedhas
Gozag
Hepliaklqana
Kikubaaqudgha
Makhleb
Nemelex Xobeh
Okawaru
Qazlal
Ru
Sif Muna
Trog
Uskayaw
Vehumet
Wu Jian
Xom
Yredelemnul
Zin
The Shining One

Shops:
D:4 :[[(   D:11 [[(

Annotations:
Lair:1 Urug


Innate Abilities, Weirdness & Mutations

Your life essence is reduced to manifest your ancestor. (-10% HP)
You have a pair of horns on your head.
You reflexively headbutt those who attack you in melee.


Message History

The adder bites Lynn but does no damage.
Lynn hits the adder with a +0 flail!
You slash the komodo dragon! You burn the komodo dragon.
Your headbutt misses the komodo dragon.
The komodo dragon is moderately wounded.
You block the komodo dragon's attack. You block Urug's attack.
Lynn blocks the basilisk's attack.
Lynn blocks the adder's attack.
You slash Urug! You burn Urug. You headbutt Urug, but do no damage.
Urug is moderately wounded.
The komodo dragon bites you!
* * * LOW HITPOINT WARNING * * *
Lynn blocks the adder's attack.
You block Urug's attack.
The basilisk bites Lynn!
It was a potion of enlightenment.
You feel very buoyant.
You fly up into the air.
The adder bites Lynn but does no damage.
The blink frog blinks!
You block the komodo dragon's attack. You block Urug's attack.
Lynn hits the adder with a +0 flail!
The adder dies!
As you read the scroll of teleportation, it crumbles to dust.
You feel strangely stable. You block the komodo dragon's attack.
Urug hits you with a +5 double sword of protection.
* * * LOW HITPOINT WARNING * * *
Aiming: Warp Space
Press: ? - help, Shift-Dir - straight line, f - komodo dragon
Aim: a komodo dragon (moderately wounded)
Okay, then.
Okay, then.
It was a potion of curing.
You feel better. The komodo dragon barely misses you. You block Urug's attack.
As you read the scroll of summoning, it crumbles to dust.
Wisps of shadow whirl around you...
The shadows disperse without effect.
You block the komodo dragon's attack.
Lynn hits the yak with a +0 flail!
You block Urug's attack.
You closely miss the komodo dragon. You headbutt the komodo dragon!
The komodo dragon is heavily wounded.
The komodo dragon bites you!
You die...
Hepliaklqana delivers you to your ancestors.

##.#### #.....# #.....##
......# #### #...###
.....#.....# ######
.......).†.# #P...####
.......F.††########....#P#
.......F...†##l@###......#
..PP..###...lYo##....P...#
..##.#
#...RlY..........######. .
.S.
#P......YS#....P......#...
...
##.....##S#......##..#....
.S.
#..)...##Y......[###....#(
...
..................###...#.P
........#........###.....P.
........#.......###).......


You could see the friendly Lynn the knight (slow), Urug (ally target), a komodo
dragon, 3 yaks and 2 basilisks.

Vanquished Creatures
  Gastronok (D:12)
  2 boulder beetles
  Erica (Lair:1)
  Sonja (D:12)
  Nergalle (Lair:1)
  A deep elf pyromancer (D:12)
  2 manticores
  A cane toad (Lair:1)
  2 black mambas (Lair:1)
  Jeremiah (D:6)
  An unseen horror (D:12)
  2 komodo dragons
  Psyche (D:8)
  3 trolls
  4 blink frogs (Lair:1)
  Prince Ribbit (D:5)
  A shadow (D:12)
  13 yaks
  3 wyverns
  2 basilisks
  5 vampire mosquitoes (D:12)
  Menkaure (D:6)
  Edmund (D:4)
  An acid dragon (D:11)
  4 water moccasins
  An orc warrior (D:10)
  5 black bears
  2 laughing skulls (D:13)
  2 ogres
  2 phantoms (D:6)
  3 kobold brigands
  6 bullfrogs
  A gnoll sergeant (D:11)
  A scorpion (D:7)
  8 killer bees
  5 howler monkeys
  A bombardier beetle (D:3)
  A gnoll bouda (D:9)
  3 hounds
  2 jellies (D:5)
  5 orc priests
  A sleepcap (D:7)
  7 iguanas
  7 orc wizards
  10 gnolls
  6 adders
  2 shadow imps
  A white imp (D:7)
  2 ufetubi (D:6)
  2 ribbon worms (D:4)
  36 orcs
  4 ball pythons
  5 endoplasms
  4 giant cockroaches
  3 goblins
  4 hobgoblins
  6 jackals
  6 quokkas
  2 bats
  4 frilled lizards
  17 kobolds
  4 rats
237 creatures vanquished.

Vanquished Creatures (collateral kills)
  2 two-headed ogres
  A boulder beetle (D:10)
  A cyclops (D:11)
  A cane toad (Lair:1)
  A shadow (D:9)
  A wraith (D:10)
  A yak (D:11)
  A water moccasin (Lair:1)
  A centaur (D:12)
  A kobold brigand (D:10)
  A killer bee (D:10)
  2 orc wizards
  4 adders (Lair:1)
  A shadow imp (D:7)
  2 orcs
  6 kobolds
27 creatures vanquished.

Vanquished Creatures (others)
  An adder (Lair:1)
1 creature vanquished.

Grand Total: 265 creatures vanquished

Notes
Turn   | Place    | Note
-------+----------+-------------------------------------------
     0 | D:1      | Griffin23 the Minotaur Fighter began the quest for the Orb.
     0 | D:1      | Reached XP level 1. HP: 19/19 MP: 0/0
   293 | D:1      | Reached XP level 2. HP: 27/27 MP: 1/1
   865 | D:2      | Reached XP level 3. HP: 24/33 MP: 2/2
  1350 | D:2      | Reached skill level 3 in Long Blades
  2084 | D:3      | Reached XP level 4. HP: 17/41 MP: 3/3
  2209 | D:3      | Identified the +10 hand axe of the Devouring Gods {flame,
                  | rPois}
  2558 | D:3      | Found an iron altar of Okawaru.
  2783 | D:4      | Found Laedaek's Book Boutique.
  2882 | D:4      | Reached skill level 4 in Long Blades
  2882 | D:4      | Reached XP level 5. HP: 37/47 MP: 4/4
  3046 | D:4      | Reached skill level 5 in Shields
  3122 | D:4      | Noticed a black bear
  3132 | D:4      | Killed a black bear
  3133 | D:4      | Reached XP level 6. HP: 27/53 MP: 5/5
  3273 | D:4      | Found an opulent altar of Gozag.
  3412 | D:4      | Reached skill level 5 in Long Blades
  3476 | D:4      | Reached skill level 5 in Armour
  3606 | D:4      | Found a staircase to the Ecumenical Temple.
  3660 | D:4      | Found Lirasmui's Armour Shoppe.
  3691 | D:4      | Found Vonairy's Antique Weapon Shop.
  3706 | D:4      | Found a sparkling altar of Nemelex Xobeh.
  3780 | D:4      | Found Rulyroa's Armour Boutique.
  3929 | Temple   | Entered the Ecumenical Temple
  3957 | Temple   | Became a worshipper of Hepliaklqana the Forgotten
  3991 | D:5      | Entered Level 5 of the Dungeon
  4423 | D:5      | Noticed Prince Ribbit
  4442 | D:5      | HP: 2/55 [Prince Ribbit (13)]
  5187 | D:5      | Identified 2 scrolls of acquirement
  5260 | D:5      | Reached XP level 7. HP: 56/60 MP: 6/6
  5312 | D:5      | Noticed Edmund
  5591 | D:4      | Acquired the +9 scimitar "Dis Corr" {flame, *Rage rPois
                  | Int+2 Stlth+}
  5594 | D:4      | Acquired the +0 shadow dragon scales of the Lute {Will+
                  | MP+9 Dex+6 Stlth++++}
  5776 | D:4      | Killed Edmund
  5777 | D:4      | Reached skill level 5 in Fighting
  5858 | D:5      | Killed Prince Ribbit
  5859 | D:5      | Reached skill level 6 in Long Blades
  6190 | D:5      | Reached * piety under Hepliaklqana
  6199 | D:5      | Reached XP level 8. HP: 62/62 MP: 7/7
  6802 | D:6      | Noticed Jeremiah
  6805 | D:6      | Reached skill level 7 in Long Blades
  6814 | D:6      | Killed Jeremiah
  7289 | D:6      | Identified the +0 robe of Polish {rC+}
  7353 | D:6      | Noticed Menkaure
  7358 | D:6      | Killed Menkaure
  7359 | D:6      | Reached skill level 8 in Long Blades
  7360 | D:6      | Reached ** piety under Hepliaklqana
  7367 | D:6      | Found a shimmering blue altar of Sif Muna.
  7478 | D:6      | Reached skill level 1 in Dodging
  7478 | D:6      | Reached XP level 9. HP: 69/70 MP: 8/8
  7485 | D:6      | Reached skill level 9 in Long Blades
  7523 | D:6      | Remembered your ancestor Lynn as a knight
  7620 | D:6      | Found a shadowy altar of Dithmenos.
  7872 | D:7      | Reached skill level 10 in Long Blades
  8111 | D:8      | Noticed a komodo dragon
  8116 | D:8      | Killed a komodo dragon
  8157 | D:8      | Noticed Psyche
  8167 | D:8      | Killed Psyche
  8168 | D:8      | Reached XP level 10. HP: 79/79 MP: 9/9
  8340 | D:8      | Identified the +5 flail "Taufem" {heavy, *Noise rN++ Str+5}
  8634 | D:8      | Noticed a boulder beetle
  8653 | D:8      | Killed a boulder beetle
  8654 | D:8      | Reached skill level 11 in Long Blades
  8654 | D:8      | Reached skill level 1 in Invocations
  9142 | D:9      | Reached *** piety under Hepliaklqana
  9958 | D:9      | Found a glowing golden altar of the Shining One.
  9996 | D:10     | Entered Level 10 of the Dungeon
 10000 | D:10     | Noticed a boulder beetle
 10011 | D:10     | Killed a boulder beetle
 10012 | D:10     | Reached skill level 10 in Armour
 10365 | D:10     | Reached skill level 10 in Shields
 10366 | D:10     | Reached skill level 12 in Long Blades
 10576 | D:10     | Found a white marble altar of Elyvilon.
 10586 | D:10     | Noticed a two-headed ogre
 10594 | D:10     | Killed a two-headed ogre
 11033 | D:10     | Found a staircase to the Lair.
 11038 | D:10     | Reached XP level 11. HP: 85/85 MP: 11/11
 11259 | D:11     | Found Umefyss's Armour Shoppe.
 11259 | D:11     | Found a staircase to the Orcish Mines.
 11260 | D:11     | Found Ryzuiros's Weapon Shoppe.
 11393 | D:11     | Noticed a two-headed ogre
 11397 | D:11     | Killed a two-headed ogre
 11440 | D:11     | Reached **** piety under Hepliaklqana
 11636 | D:11     | Identified the death talisman "Ugepu" {rCorr Int+3 SInv}
 11758 | D:11     | Reached skill level 13 in Long Blades
 11884 | D:11     | Found Vuipnatell's Antique Armour Shoppe.
 11930 | D:11     | Identified the +2 chain mail of Decompression {+Inv rC-
                  | Str+2 Dex+3}
 11978 | D:11     | Noticed a boulder beetle
 11987 | D:11     | Killed a boulder beetle
 12354 | D:12     | Noticed Sonja
 12364 | D:12     | Killed Sonja
 12714 | D:12     | Noticed Gastronok
 12724 | D:12     | Killed Gastronok
 12843 | D:12     | Reached ***** piety under Hepliaklqana
 13028 | D:12     | Noticed a deep elf pyromancer
 13032 | D:12     | Killed a deep elf pyromancer
 13794 | Lair:1   | Entered Level 1 of the Lair of Beasts
 13803 | Lair:1   | Acquired a manual of Invocations
 13838 | Lair:1   | Reached skill level 14 in Long Blades
 13844 | Lair:1   | Reached XP level 12. HP: 95/95 MP: 14/14
 13886 | Lair:1   | Noticed Nergalle
 13913 | Lair:1   | Killed Nergalle
 13925 | Lair:1   | Noticed Urug
 13928 | Lair:1   | Reached skill level 10 in Fighting
 13936 | Lair:1   | Noticed Erica
 13948 | Lair:1   | Killed Erica
 13949 | Lair:1   | Reached skill level 5 in Invocations
 13952 | Lair:1   | HP: 4/95 [komodo dragon (16)]
 13957 | Lair:1   | Slain by a komodo dragon

Illustrated notes

Levels and vault maps discovered:
D:1:      psy_arrival_heroes, layout_loops_cross, minivault_25,
          dreamdust_mushroom_princess
D:2:      layout_loops_corners
D:3:      layout_basic, lemuel_tele_altar
D:4:      minmay_angry_zag, layout_basic, kennysheep_mini_moat,
          mainiacjoe_overflow_cross_hatched, minmay_temple_entry_steel_oval,
          serial_shops, nicolae_shop_real_fake_doors, nicolae_stop_n_shop_1,
          shop, shop, dk_vineyard_3
D:5:      layout_basic, hangedman_decor_diamond_cutter, kennysheep_path_1,
          uniq_prince_ribbit1, uniq_edmund
D:6:      layout_gridville, grunt_dithmenos_shadows,
          hellmonk_sif_muna_bookshelves, uniq_jeremiah, uniq_menkaure
D:7:      layout_rooms, kennysheep_generic_room_3
D:8:      layout_basic, corexii_checkpoint, uniq_psyche
D:9:      layout_gridville, general_overflow_altar
D:10:     layout_basic, elyvilon_altar_5, david_lair_shrubbed
D:11:     layout_grid_maze, orc_david_3, serial_shops, shop
D:12:     layout_grid_maze, uniq_gastronok, uniq_sonja
D:13:     layout_basic, serial_shops, kennysheep_little_box
Temple:   hellmonk_temple_two_chambers
Lair:1:   minmay_lair_venomous_thicket, layout_misc_corridors,
          serial_bayou_lagoon_a, serial_bayou_pond_a, lemuel_fruit_tree,
          uniq_erica, uniq_urug, uniq_nergalle

Skill      XL: |  1  2  3  4  5  6  7  8  9 10 11 12 |
---------------+-------------------------------------+-----
Shields        | 4 5 6 7 9 10 11 12 | 12.8
Fighting       | 4 5 6 7 8 9 10 | 10.2
Armour         | 4 5 6 8 9 10 11 | 11.6
Long Blades    | 3 4 5 6 8 10 12 14 | 14.5
Dodging        | 1 2 |  2.6
Invocations    | 2 4 5 |  5.0

Action                     |  1- 3 |  4- 6 |  7- 9 | 10-12 || total
---------------------------+-------+-------+-------+-------++-------
  Melee: Long sword        |    89 |   226 |    15 |       ||   330
         Headbutt          |     9 |    26 |    26 |    53 ||   114
         Scimitar          |       |       |    97 |   253 ||   350
 Invoke: Ancestor Identity |       |       |     1 |       ||     1
         Ancestor Life: Kn |       |       |     1 |       ||     1
         Idealise          |       |       |       |     1 ||     1
    Use: Scroll            |       |     5 |     4 |     8 ||    17
         Potion            |       |     2 |     3 |     5 ||    10
   Stab: Sleeping          |       |       |    10 |     8 ||    18
         Distracted        |       |       |       |     2 ||     2
 Armour: Scale mail        |    46 |       |       |       ||    46
         Chain mail        |    42 |   190 |    10 |       ||   242
         Shadow dragon sca |       |       |    48 |   113 ||   161
  Dodge: Dodged            |    31 |    34 |    14 |    67 ||   146
  Block: Tower shield      |    48 |   198 |    76 |   249 ||   571
         Buckler           |     3 |       |       |       ||     3

Table legend: (Time is in decaauts)
 A = Elapsed time spent in this place.
 B = Non-inter-level travel time spent in this place.
 C = Inter-level travel time spent in this place.
 D = Time resting spent in this place.
 E = Time spent auto-exploring this place.
 F = Levels seen in this place.
 G = Mean time per level.
                   A        B        C        D        E       F      G
               +--------+--------+--------+--------+--------+-----+--------+
         Total |  14469 |  13227 |   1242 |   3509 |   7833 |  15 |  964.6 |
       Dungeon |  14264 |  13055 |   1209 |   3509 |   7780 |  13 | 1097.2 |
        Temple |     37 |      5 |     32 |      0 |      0 |   1 |   37.0 |
          Lair |    168 |    168 |      0 |      0 |     53 |   1 |  168.0 |
               +--------+--------+--------+--------+--------+-----+--------+

Top non-repeatable levels by time:
     D:4: 2404 daAuts
    D:10: 1510 daAuts
     D:6: 1388 daAuts
    D:12: 1239 daAuts
     D:5: 1239 daAuts
     D:2: 1153 daAuts
    D:11: 1146 daAuts
     D:8: 1037 daAuts
     D:9: 969 daAuts
     D:3: 882 daAuts
     D:1: 799 daAuts
     D:7: 445 daAuts
  Lair:1: 168 daAuts
    D:13: 48 daAuts
  Temple: 37 daAuts
